 Dungeon Crawl Stone Soup version 0.31-a0-188-g5e087ee2ca (webtiles) character file.

Game seed: 4707575745260033684

1200 qw the Skirmisher (level 8, -12/46 HPs)
             Began as a Deep Elf Hunter on June 22, 2023.
             Mangled by a two-headed ogre
             ... wielding a +0 giant club
              (14 damage)
             ... on level 5 of the Dungeon.
             The game lasted 00:01:45 (5740 turns).

qw the Skirmisher (Deep Elf Hunter)                 Turns: 5740, Time: 00:01:45

Health: -12/46     AC:  6    Str:  9 (10) XL:     8   Next: 21%
Magic:  10/10      EV: 11    Int: 14 (15) God:
Gold:   241        SH:  0    Dex: 17 (18) Spells: 7/7 levels left

rFire   . . .        Y - +0 arbalest
rCold   + . .        (shield currently unavailable)
rNeg    . . .        h - +0 ring mail
rPois   .            (no helmet)
rElec   .            a - +0 cloak
rCorr   .            (no gloves)
SInv    .            (no boots)
Will    .....        (no amulet)
Stlth   +            o - ring of protection from cold
HPRegen 0.27/turn    (no ring)
MPRegen 0.12/turn

%: no passive effects
@: no status effects
A: no striking features
a: no special abilities


You were on level 5 of the Dungeon.
You visited 2 branches of the dungeon, and saw 7 of its levels.

You collected 241 gold pieces.


   Skills:
 - Level 3.0 Fighting
 + Level 12.4 Ranged Weapons
 - Level 1.1 Armour
 - Level 4.1 Dodging
 - Level 1.2 Stealth


You had 7 spell levels left.
You didn't know any spells.
Your spell library was empty.

Inventory:

Hand Weapons
 Y - a +0 arbalest (weapon)
Armour
 a - a +0 cloak (worn)
 h - a +0 ring mail (worn)
Jewellery
 o - a ring of protection from cold (left hand)
Scrolls
 i - a scroll of identify
Potions
 e - a potion of enlightenment {unknown}
 g - a potion of invisibility {unknown}
 j - a potion of brilliance {unknown}
 l - a potion of haste

Dungeon Overview and Level Annotations

Branches:
Dungeon (6/15)             Temple (1/1) D:6

Altars:
Ashenzari
Dithmenos
Elyvilon
Fedhas
Gozag
Hepliaklqana
Kikubaaqudgha
Makhleb
Nemelex Xobeh
Qazlal
Ru
Sif Muna
Trog
Uskayaw
Vehumet
Wu Jian
Jiyva

Annotations:
D:3 1 runed translucent door, qw's ghost, amateur NaHu
D:6 exclusion: 6 gnolls


Message History

Your surroundings suddenly seem different.
You start resting.
HP restored.
Done exploring.
(D) Dungeon (T) Temple
Where to? (* - list waypoints, Enter - D:6, ? - help)
What level of the Dungeon? (default 1, ? - help)
You see here 9 stones.
A two-headed ogre is nearby!
You shoot a bolt. The two-headed ogre shouts in stereo!
The bolt hits the two-headed ogre but does no damage.
Done exploring.
(D) Dungeon (T) Temple
Where to? (* - list waypoints, Enter - D:6, ? - help)
What level of the Dungeon? (default 1, ? - help) Done exploring.
(D) Dungeon (T) Temple
Where to? (* - list waypoints, Enter - D:6, ? - help)
What level of the Dungeon? (default 1, ? - help)
You shoot a bolt. The bolt hits the two-headed ogre.
The two-headed ogre is lightly wounded.
The two-headed ogre hits you with a +0 giant club!
The two-headed ogre hits you with a +0 dire flail.
You shoot a bolt. The bolt hits the two-headed ogre!
The two-headed ogre is moderately wounded.
The two-headed ogre misses you.
The two-headed ogre hits you with a +0 dire flail.
You shoot a bolt. The bolt hits the two-headed ogre!
The two-headed ogre is heavily wounded.
You shoot a bolt.
The bolt hits the two-headed ogre but does no damage.
The two-headed ogre is heavily wounded.
The two-headed ogre hits you with a +0 giant club!
The two-headed ogre closely misses you.
You shoot a bolt. The bolt hits the two-headed ogre.
The two-headed ogre is severely wounded.
The two-headed ogre hits you with a +0 giant club!
The two-headed ogre hits you with a +0 dire flail!
You die...

#...#..####.# #.#####.#####
##...........## #.........>.#
#.............###.###.#####.#
#.##.#............# #.#####.#
#.##..........##### #.##.....
#####.#####......########.##.##.#
...##...........................#
##.#########...#O###'###......###
.....# #..>#@# #.# #.###.##
.....# #...#.###.###..####
.....## #...#.###_..'..# ###
......######...#.###.###..# #..
.................# #.# #..# ###..
.............../.###'###.## #....
#.........................# #.#..
.(....#####.....########..###.#..
....### #.###.# #.........


You could see a two-headed ogre.

Vanquished Creatures
  A water moccasin (D:4)
  An ice beast (D:6)
  2 black bears (D:4)
  2 bullfrogs
  2 scorpions
  A howler monkey (D:5)
  A quasit (D:6)
  2 hounds
  A jelly (D:5)
  A gnoll bouda (D:6)
  An iguana (D:4)
  5 orc wizards
  3 gnolls (D:6)
  10 adders
  A shadow imp (D:5)
  An ufetubus (D:5)
  A worm (D:3)
  5 dart slugs
  15 orcs
  4 endoplasms
  A giant cockroach (D:1)
  11 goblins
  7 hobgoblins
  A kobold (D:4)
  5 quokkas
  2 ball pythons (D:1)
  4 bats
  A frilled lizard (D:1)
  9 rats
101 creatures vanquished.

Notes
Turn   | Place    | Note
-------+----------+-------------------------------------------
     0 | D:1      | qw the Deep Elf Hunter began the quest for the Orb.
     0 | D:1      | Reached XP level 1. HP: 12/12 MP: 3/3
     0 | D:1      | 0 ||| qw: Version: 0.3-a-9-g12657ce
     0 | D:1      | 0 ||| qw: Game counter: 2800
     0 | D:1      | 0 ||| qw: Always use a shield: true
     0 | D:1      | 0 ||| qw: God list: Okawaru
     0 | D:1      | 0 ||| qw: Allow faded altars: false
     0 | D:1      | 0 ||| qw: Do Orc after D:15 true
     0 | D:1      | 0 ||| qw: Do second Lair branch before Depths: true
     0 | D:1      | 0 ||| qw: Lair rune preference: random
     0 | D:1      | 0 ||| qw: Plans: Normal
     0 | D:1      | 0 ||| PLANNING D:1-11
   213 | D:1      | Reached skill level 6 in Ranged Weapons
   213 | D:1      | Reached XP level 2. HP: 16/16 MP: 4/4
   786 | D:1      | Reached XP level 3. HP: 20/20 MP: 5/5
   837 | D:1      | 837 ||| READING scroll labelled QASMOVV BAIRUYM.
   838 | D:1      | 838 ||| READING scroll labelled DEMMUS XEUZ.
   839 | D:1      | 839 ||| READING scroll labelled KUNYAS XENTAA.
   840 | D:1      | 840 ||| DRINKING 2 sedimented amethyst potions.
   841 | D:1      | 841 ||| DROPPING scroll of butterflies.
  1033 | D:2      | Reached skill level 7 in Ranged Weapons
  1428 | D:2      | Found a faded altar of an unknown god.
  1703 | D:2      | 1703 ||| UPGRADING to +0 cloak.
  1708 | D:2      | 1708 ||| UPGRADING to +0 ring mail.
  1718 | D:2      | 1718 ||| DROPPING +0 leather armour.
  1719 | D:2      | 1719 ||| READING scroll labelled MIGOCVOVEM.
  1766 | D:3      | Found a stormy altar of Qazlal.
  1885 | D:3      | Reached XP level 4. HP: 25/25 MP: 6/6
  2051 | D:3      | Found a runed translucent door.
  2054 | D:3      | Noticed qw's ghost (amateur NaHu)
  2347 | D:3      | HP: 6/25 [something/puff of flame (6)]
  2349 | D:3      | HP: 2/25 [something (1)]
  2351 | D:3      | Reached skill level 8 in Ranged Weapons
  2699 | D:3      | 2699 ||| READING scroll labelled WIAQOX RACVE.
  2817 | D:4      | 2817 ||| SWAPPING to +0 arbalest.
  2818 | D:4      | 2818 ||| DROPPING +0 shortbow.
  2834 | D:4      | Reached XP level 5. HP: 29/29 MP: 7/7
  2842 | D:4      | Noticed a black bear
  2843 | D:4      | Noticed a black bear
  2847 | D:4      | Killed a black bear
  2848 | D:4      | Reached skill level 9 in Ranged Weapons
  2852 | D:4      | Killed a black bear
  2853 | D:4      | Reached XP level 6. HP: 16/36 MP: 8/8
  2929 | D:4      | Found a bloodstained altar of Trog.
  3213 | D:4      | Reached skill level 10 in Ranged Weapons
  3391 | D:4      | Noticed a water moccasin
  3397 | D:4      | HP: 9/36 [water moccasin (7)]
  3398 | D:4      | 3398 ||| DRINKING 2 potions of heal wounds.
  3399 | D:4      | Killed a water moccasin
  3400 | D:4      | Reached XP level 7. HP: 19/40 MP: 9/9
  3407 | D:4      | HP: 10/40 [poisoned by a water moccasin]
  3690 | D:4      | 3690 ||| FLEEEEING.
  3691 | D:4      | 3691 ||| FLEEEEING.
  3692 | D:4      | 3692 ||| FLEEEEING.
  3693 | D:4      | 3693 ||| FLEEEEING.
  3694 | D:4      | 3694 ||| FLEEEEING.
  3695 | D:4      | 3695 ||| FLEEEEING.
  3696 | D:4      | 3696 ||| FLEEEEING.
  3697 | D:4      | 3697 ||| FLEEEEING.
  3698 | D:4      | 3698 ||| FLEEEEING.
  3699 | D:4      | 3699 ||| FLEEEEING.
  3700 | D:4      | 3700 ||| FLEEEEING.
  3701 | D:4      | 3701 ||| FLEEEEING.
  3702 | D:4      | 3702 ||| FLEEEEING.
  3703 | D:4      | 3703 ||| FLEEEEING.
  3704 | D:4      | 3704 ||| FLEEEEING.
  3705 | D:4      | 3705 ||| FLEEEEING.
  3706 | D:4      | 3706 ||| FLEEEEING.
  3707 | D:4      | 3707 ||| FLEEEEING.
  3708 | D:4      | 3708 ||| FLEEEEING.
  3710 | D:4      | Reached skill level 1 in Armour
  4153 | D:4      | 4153 ||| DRINKING 2 brown potions.
  4154 | D:4      | 4154 ||| DRINKING 2 murky yellow potions.
  4155 | D:4      | 4155 ||| DROPPING potion of degeneration.
  4196 | D:5      | Entered Level 5 of the Dungeon
  4298 | D:5      | Found a burning altar of Makhleb.
  4491 | D:5      | Found a shadowy altar of Dithmenos.
  4554 | D:5      | Found an ornate altar of the Wu Jian Council.
  4559 | D:5      | Reached skill level 11 in Ranged Weapons
  4574 | D:5      | 4574 ||| FLEEEEING.
  4575 | D:5      | 4575 ||| FLEEEEING.
  4846 | D:5      | 4846 ||| UPGRADING to ring of protection from cold.
  4847 | D:5      | 4847 ||| READING scroll labelled DOLILI GUYNLE IXO.
  4848 | D:5      | 4848 ||| READING 2 scrolls labelled SIBYAGROUT.
  4849 | D:5      | 4849 ||| DRINKING 2 fuming amethyst potions.
  4850 | D:5      | 4850 ||| READING 2 scrolls of identify.
  4850 | D:5      | 4850 ||| IDENTIFYING bubbling pink potion
  4851 | D:5      | 4851 ||| DROPPING potion of lignification.
  4852 | D:5      | 4852 ||| DROPPING scroll of revelation.
  4972 | D:6      | Found a staircase to the Ecumenical Temple.
  4973 | D:6      | 4973 ||| PLANNING TEMPLE
  4981 | Temple   | Entered the Ecumenical Temple
  5112 | Temple   | 5112 ||| PLANNING D:1-11
  5130 | D:6      | Found a shimmering blue altar of Sif Muna.
  5165 | D:6      | Reached XP level 8. HP: 45/45 MP: 10/10
  5171 | D:6      | 5171 ||| Stepping ~*~*~tactically~*~*~ (outnumbered).
  5171 | D:6      | HP: 7/45 [gnoll bouda/+0 club (9)]
  5172 | D:6      | 5172 ||| READING 2 scrolls of teleportation.
  5173 | D:6      | 5173 ||| DRINKING 2 potions of heal wounds.
  5300 | D:6      | Reached skill level 12 in Ranged Weapons
  5319 | D:6      | Reached skill level 3 in Fighting
  5355 | D:6      | 5355 ||| Stepping ~*~*~tactically~*~*~ (outnumbered).
  5409 | D:6      | 5409 ||| STAIRDANCE
  5581 | D:6      | 5581 ||| DRINKING potion of curing.
  5581 | D:6      | 5581 ||| (to cure confusion)
  5581 | D:6      | Noticed a two-headed ogre
  5586 | D:6      | 5586 ||| FLEEEEING.
  5587 | D:6      | 5587 ||| FLEEEEING.
  5588 | D:6      | 5588 ||| FLEEEEING.
  5589 | D:6      | 5589 ||| FLEEEEING.
  5590 | D:6      | 5590 ||| FLEEEEING.
  5591 | D:6      | 5591 ||| FLEEEEING.
  5593 | D:6      | 5593 ||| FLEEEEING.
  5594 | D:6      | 5594 ||| FLEEEEING.
  5595 | D:6      | 5595 ||| FLEEEEING.
  5596 | D:6      | 5596 ||| FLEEEEING.
  5597 | D:6      | 5597 ||| FLEEEEING.
  5598 | D:6      | 5598 ||| FLEEEEING.
  5600 | D:6      | 5600 ||| FLEEEEING.
  5601 | D:6      | 5601 ||| FLEEEEING.
  5602 | D:6      | 5602 ||| FLEEEEING.
  5603 | D:6      | 5603 ||| FLEEEEING.
  5604 | D:6      | 5604 ||| FLEEEEING.
  5605 | D:6      | 5605 ||| FLEEEEING.
  5606 | D:6      | 5606 ||| FLEEEEING.
  5607 | D:6      | 5607 ||| FLEEEEING.
  5608 | D:6      | 5608 ||| FLEEEEING.
  5609 | D:6      | 5609 ||| FLEEEEING.
  5610 | D:6      | 5610 ||| FLEEEEING.
  5611 | D:6      | 5611 ||| FLEEEEING.
  5612 | D:6      | 5612 ||| FLEEEEING.
  5613 | D:6      | 5613 ||| FLEEEEING.
  5614 | D:6      | 5614 ||| FLEEEEING.
  5615 | D:6      | 5615 ||| FLEEEEING.
  5616 | D:6      | 5616 ||| FLEEEEING.
  5617 | D:6      | 5617 ||| FLEEEEING.
  5618 | D:6      | 5618 ||| FLEEEEING.
  5619 | D:6      | 5619 ||| FLEEEEING.
  5621 | D:6      | 5621 ||| FLEEEEING.
  5622 | D:6      | 5622 ||| FLEEEEING.
  5623 | D:6      | 5623 ||| FLEEEEING.
  5624 | D:6      | 5624 ||| FLEEEEING.
  5625 | D:6      | 5625 ||| FLEEEEING.
  5626 | D:6      | 5626 ||| FLEEEEING.
  5627 | D:6      | 5627 ||| FLEEEEING.
  5628 | D:6      | 5628 ||| FLEEEEING.
  5630 | D:6      | 5630 ||| STAIRDANCE
  5658 | D:6      | 5658 ||| STAIRDANCE
  5658 | D:6      | HP: 8/46 [two-headed ogre/+0 giant club (6)]
  5660 | D:5      | 5660 ||| READING scroll of teleportation.
  5661 | D:5      | 5661 ||| DRINKING potion of heal wounds.
  5740 | D:5      | HP: 2/46 [two-headed ogre/+0 giant club (13)]
  5740 | D:5      | Mangled by a two-headed ogre

Levels and vault maps discovered:
D:1:      matt_arrival_los_fun, layout_loops_corners
D:2:      layout_basic, hellmonk_ecumenical_altar_leap_of_faith
D:3:      layout_basic, mainiacjoe_overflow_paths,
          ebering_ghost_reflecting_pool, kennysheep_crisscross,
          guppyfry_early_orc_mine
D:4:      layout_layer_cave, trog_ov_bears_minmay, minivault_25
D:5:      layout_loops_cross, lemuel_doored_altar,
          chequers_serial_rivers_small_a, hangedman_feature_mirror,
          minmay_misc_feat_five
D:6:      layout_basic, overflow_temple_1_default,
          minmay_overflow_temple_star_quad, mainiacjoe_overflow_brackets,
          minmay_temple_entry_glass, serial_demonic, serial_demonic_e,
          serial_demonic_e, serial_demonic_e, serial_demonic_d, uniq_maggie
Temple:   pf_slime_end_temple

Skill      XL: |  1  2  3  4  5  6  7  8 |
---------------+-------------------------+-----
Ranged Weapons | 6 7 8 9 10 11 12 | 12.4
Fighting       | 2 3 |  3.0
Dodging        | 4 |  4.1
Armour         | 1 |  1.1
Stealth        | |  1.2

Action                     |  1- 3 |  4- 6 |  7- 9 || total
---------------------------+-------+-------+-------++-------
   Fire: Shortbow          |    99 |    32 |       ||   131
         Arbalest          |       |    43 |   131 ||   174
    Use: Scroll            |     4 |     1 |     5 ||    10
         Potion            |     1 |     1 |     6 ||     8
 Armour: Leather armour    |    11 |       |       ||    11
         Ring mail         |     1 |    22 |    32 ||    55
  Dodge: Dodged            |    19 |    16 |    57 ||    92

Table legend:
 A = Non-vault XP
 B = Vault XP
 C = Vault XP percentage of total XP
 D = Non-vault monster count
 E = Vault monster count
 F = Vault count percentage of total count
                 A         B        C        D         E       F
            +---------+---------+-------+---------+---------+-------
      Total |    1347 |     368 |  21.5 |      89 |      12 |  11.9
            +---------+---------+-------+---------+---------+-------
        D:1 |      46 |       0 |   0.0 |      25 |       0 |   0.0
        D:2 |      42 |       0 |   0.0 |      11 |       0 |   0.0
        D:3 |      87 |      17 |  16.3 |       8 |       7 |  46.7
        D:4 |     500 |     250 |  33.3 |      20 |       2 |   9.1
        D:5 |     206 |      56 |  21.4 |      13 |       2 |  13.3
        D:6 |     466 |      45 |   8.8 |      12 |       1 |   7.7
            +---------+---------+-------+---------+---------+-------
